 Dungeon Crawl Stone Soup version 0.26-a0-852-g6321bf7485 (webtiles) character file.

Game seed: 14939329576863358447

9 dolemite99 the Poker (level 2, -1/24 HPs)
             Began as a Demonspawn Chaos Knight on Nov 22, 2020.
             Was a Plaything of Xom.
             Slain by a tengu (4 damage)
             ... on level 1 of the Dungeon.
             The game lasted 00:02:02 (558 turns).

dolemite99 the Poker (Demonspawn Chaos Knight)       Turns: 558, Time: 00:02:02

Health: -1/24      AC:  6    Str: 12    XL:     2   Next: 3%
Magic:  2/2        EV: 11    Int: 13    God:    Xom [..*...]
Gold:   12         SH:  0    Dex: 12    Spells: 1/1 levels left

rFire    . . .     SeeInvis .   a - +0 spear (chaos)
rCold    . . .     Faith    .   (no shield)
rNeg     . . .     Spirit   .   b - +3 leather armour
rPois    .         Reflect  .   (no helmet)
rElec    .         Harm     .   (no cloak)
rCorr    .         Rampage  .   (no gloves)
MR       .....                  (no boots)
Stlth    +.........             (no amulet)
HPRegen  0.08/turn              (no ring)
MPRegen  0.08/turn              (no ring)

@: very slightly contaminated, invisible
A: hooves 1
a: Renounce Religion


You were on level 1 of the Dungeon.
You worshipped Xom.
You were a toy of Xom.
You visited 1 branch of the dungeon, and saw 1 of its levels.

You collected 12 gold pieces.

Inventory:

Hand Weapons
 a - a +0 spear of chaos (weapon)
Armour
 b - a +3 leather armour (worn)


   Skills:
 - Level 3.0 Fighting
 - Level 0.5(2.0) Axes
 + Level 3.1(3.2) Polearms
 - Level 1.7 Armour
 - Level 0.8 Dodging


You had one spell level left.
You didn't know any spells.
Your spell library was empty.

Dungeon Overview and Level Annotations

Branches:
Dungeon (1/15)

Altars:


Innate Abilities, Weirdness & Mutations

You have large cloven feet.


Message History

Found a scroll labelled BUFISAROMUK. "Boo!"
You hear a shout!
The tengu barely misses you. The tengu pecks you but does no damage.
The tengu barely misses you.
You see here a scroll labelled BUFISAROMUK.
Found a scroll labelled FIECHUM MIOLYU.
A dart slug comes into view.
You see here a scroll labelled FIECHUM MIOLYU.
You hit the dart slug. You burn the dart slug. You kick the dart slug.
The dart slug is heavily wounded.
The tengu hits you but does no damage. The tengu misses you.
The tengu barely misses you.
You hit the dart slug. You burn the dart slug.
The dart slug is severely wounded.
The tengu misses you. The tengu pecks you.
* * * LOW HITPOINT WARNING * * *
The tengu claws you.
You die...
Xom snickers!

.#.#.#.#.#.# #.# #.#
..#.#.#.#..####### #.#
.#.≈≈≈≈≈.#........ #.#
..#≈...≈#.#################.#
##.≈<..≈.#....##.K..?.K.....#
#.#≈...≈#'....##.############
.#.≈≈≈≈≈.#....##.#
..#.#.#.#+....##Q#
##.#.#.#.#....##@#
#.#.#.#.#.....##w#
##.#.#.#.#....##.#
#########....##.# #.>..##.#
#....##.. #######....####
#..............
####.#####....####


You could see a tengu, a dart slug and a kobold.

Vanquished Creatures
  3 bats (D:1)
  A giant cockroach (D:1)
  3 hobgoblins (D:1)
  A rat (D:1)
8 creatures vanquished.

Notes
Turn   | Place    | Note
-------+----------+-------------------------------------------
     0 | D:1      | dolemite99 the Demonspawn Chaos Knight began the quest for
                  | the Orb.
     0 | D:1      | Reached XP level 1. HP: 18/18 MP: 1/1
   265 | D:1      | Gained mutation: You have large cloven feet. [demonic
                  | ancestry]
   265 | D:1      | Reached XP level 2. HP: 19/24 MP: 2/2
   438 | D:1      | Noticed a tengu
   438 | D:1      | a bat changed into a tengu
   438 | D:1      | XOM: polymorph bat -> tengu
   452 | D:1      | XOM: butterfly on damage
   455 | D:1      | XOM: enchant monster (bad)
   504 | D:1      | XOM: divination: magic mapping
   534 | D:1      | XOM: silly message
   535 | D:1      | XOM: potion effect (invisibility)
   544 | D:1      | XOM: noise
   558 | D:1      | Slain by a tengu

Illustrated notes

Levels and vault maps discovered:
D:1:      ncdulo_watergridlock, layout_basic, minmay_statues_item

Skill      XL: |  1 |
---------------+----+-----
Polearms       | 3 |  3.1
Fighting       | |  3.0
Axes           | |  0.5
Armour         | |  1.7
Dodging        | |  0.8

Action                   || total
-------------------------++-------
Melee: Spear             ||    29
       Kick              ||     4
  Use: Scroll            ||     3
       Potion            ||     1
Armor: Leather armour    ||    22
Dodge: Dodged            ||    32

Table legend: (Time is in decaauts)
 A = Elapsed time spent in this place.
 B = Non-inter-level travel time spent in this place.
 C = Inter-level travel time spent in this place.
 D = Time resting spent in this place.
 E = Time spent auto-exploring this place.
 F = Levels seen in this place.
 G = Mean time per level.
                   A        B        C        D        E       F      G
               +--------+--------+--------+--------+--------+-----+--------+
         Total |    538 |    538 |      0 |    277 |    106 |   1 |  538.0 |
       Dungeon |    538 |    538 |      0 |    277 |    106 |   1 |  538.0 |
               +--------+--------+--------+--------+--------+-----+--------+

Top non-repeatable levels by time:
     D:1: 538 daAuts
